 Dungeon Crawl Stone Soup version 0.30-a0-553-g7fabdf1491 (webtiles) character file.

Game seed: 15540744638806349082

132018 experimilk the Devastator (level 16, -9/105 HPs)
             Began as a Green Draconian Conjurer on Dec 27, 2022.
             Was a High Priest of Vehumet.
             Killed from afar by a salamander tyrant (22 damage)
             ... with a flame surge
             ... on level 3 of the Snake Pit.
             The game lasted 02:10:57 (38747 turns).

experimilk the Devastator (DrCj)                   Turns: 38747, Time: 02:10:58

Health: -9/105     AC: 20    Str: 13    XL:     16   Next: 56%
Magic:  5/31       EV: 12    Int: 30    God:    Vehumet [*****.]
Gold:   1236       SH:  0    Dex: 12    Spells: 0/37 levels left

rFire   . . .      SeeInvis .    E - +8 spear of Yzyes {holy, rN+ Will+}
rCold   . . .      Faith    .    (no shield)
rNeg    + . .      Spirit   .    (body armour unavailable)
rPois   +          Reflect  .    L - +2 hat
rElec   +          Harm     .    V - +2 cloak
rCorr   .          Rampage  .    D - +2 pair of gloves {Str+3}
Will    +++..                    b - +2 pair of boots
Stlth   +++                      s - amulet of magic regeneration
HPRegen 0.37/turn                m - ring "Qutask" {rElec Will+ Slay+3 Stlth+}
MPRegen 0.62/turn                v - +6 ring of intelligence

@: short of breath, weakened
A: breathe noxious fumes, AC +9, unfitting armour, stinger 1, poison resistance,
cold-blooded
a: Breathe Noxious Fumes, Renounce Religion


You were on level 3 of the Snake Pit.
You worshipped Vehumet.
Vehumet was extremely pleased with you.
You visited 5 branches of the dungeon, and saw 26 of its levels.
You also visited: Bailey.

You collected 2965 gold pieces.
You spent 1729 gold pieces at shops.

Inventory:

Hand Weapons
 t - a +1 glaive of protection
 E - the +8 spear of Yzyes (weapon) {holy, rN+ Will+}
   (You found it in a bailey)

   It has been blessed by the Shining One to cause great damage to the undead
   and demons.
   rN:        It protects you from negative energy.
   Will:      It increases your willpower.
Armour
 b - a +2 pair of boots (worn)
 p - a +1 pair of boots of stealth
 D - a +2 pair of gloves of strength (worn)
 L - a +2 hat (worn)
 P - a +0 kite shield of protection
 V - a +2 cloak (worn)
Jewellery
 m - the ring "Qutask" (left hand) {rElec Will+ Slay+3 Stlth+}
   (You found it on level 3 of the Dungeon)

   [ring of willpower]

   Slay:      It affects your accuracy & damage with ranged weapons and melee
   (+3).
   rElec:     It insulates you from electricity.
   Will:      It increases your willpower.
   Stlth:     It makes you more stealthy.
 s - an amulet of magic regeneration (around neck)
 v - a +6 ring of intelligence (right hand)
 A - a +4 ring of protection
 F - an amulet of the acrobat
 K - a ring of flight
 Q - a ring of willpower
 U - a +6 ring of strength
Wands
 c - a wand of paralysis (17)
 j - a wand of iceblast (10)
 y - a wand of flame (41)
 C - a wand of light (15)
 J - a wand of polymorph (10)
 M - a wand of mindburst (19)
Scrolls
 d - 2 scrolls of enchant armour
 f - 6 scrolls of immolation
 k - a scroll of brand weapon
 o - 7 scrolls of teleportation
 r - 6 scrolls of enchant weapon
 x - 2 scrolls of poison
 z - 7 scrolls of identify
 B - 7 scrolls of magic mapping
 G - 6 scrolls of vulnerability
 H - 3 scrolls of fear
 N - 3 scrolls of fog
 S - a scroll of butterflies
 T - a scroll of amnesia
Potions
 a - 2 potions of cancellation
 e - 2 potions of resistance
 g - 6 potions of lignification
 h - 7 potions of curing
 i - 4 potions of mutation
 l - 3 potions of flight
 n - 3 potions of attraction
 q - 3 potions of brilliance
 u - 7 potions of heal wounds
 w - 3 potions of invisibility
 I - a potion of ambrosia
 R - 2 potions of berserk rage
 W - 2 potions of might
Miscellaneous
 O - a box of beasts
 X - a phial of floods


   Skills:
 - Level 3.0 Dodging
 - Level 1.7 Stealth
 - Level 11.3 Spellcasting
 + Level 20.0 Conjurations
 - Level 3.0 Transmutations
 + Level 16.4 Fire Magic
 - Level 11.0 Poison Magic
 - Level 5.0 Evocations


You couldn't memorise any spells.
You knew the following spells:

 Your Spells              Type           Power      Damage    Failure   Level
a - Iskenderun's Battles  Conj           95%        2d14      0%          5
b - Orb of Destruction    Conj           47%        9d12      1%          7
c - Starburst             Conj/Fire      45%        6d13      1%          6
f - Ignite Poison         Fire/Tmut/Pois 67%        N/A       1%          3
p - Foxfire               Conj/Fire      100%       2x1d9     0%          1
q - Eringya's Noxious Bo  Tmut/Pois      28%        N/A       7%          6
x - Iskenderun's Mystic   Conj/Tloc      67%        2d14      1%          4
z - Fireball              Conj/Fire      45%        3d18      1%          5

Your spell library contained the following spells:

 Spells                   Type           Power      Damage    Failure   Level
 Magic Dart               Conj           100%       1d8       0%          1
 Scorch                   Fire           100%       2d10      0%          2
 Searing Ray              Conj           100%       2d8       0%          2
 Flame Wave               Conj/Fire      91%        2d19      0%          4
 Sticky Flame             Conj/Fire      91%        2d10      0%          4
 Sandblast                Erth           32%        2d9       1%          1
 Static Discharge         Conj/Air       100%       2-7/arc   1%          2
 Dazzling Flash           Conj/Hex       100%       N/A       1%          3
 Inner Flame              Hex/Fire       60%        N/A       1%          3
 Stone Arrow              Conj/Erth      100%       3d13      1%          3
 Fulminant Prism          Conj/Hex       33%        3d16      1%          4
 Olgreb's Toxic Radiance  Pois           70%        N/A       1%          4
 Arcjolt                  Conj/Air       33%        1d43      1%          5
 Lightning Bolt           Conj/Air       33%        1d51      1%          5
 Passwall                 Tmut/Erth      20%        N/A       2%          2
 Frozen Ramparts          Ice            32%        1d5       2%          3
 Apportation              Tloc           32%        N/A       3%          1
 Necrotise                Necr           64%        1d7       3%          1
 Summon Small Mammal      Summ           64%        N/A       3%          1
 Blink                    Tloc           32%        N/A       4%          2
 Ignition                 Fire           43%        3d12      7%          8
 Portal Projectile        Hex/Tloc       32%        N/A       10%         3
 Tukima's Dance           Hex            16%        N/A       10%         3
 Vhi's Electric Charge    Tloc/Air       32%        N/A       10%         3
 Ice Form                 Ice/Tmut       25%        N/A       17%         4
 Blade Hands              Tmut           17%        N/A       26%         5
 Cause Fear               Hex            8%         N/A       30%         4
 Manifold Assault         Tloc           16%        N/A       30%         4
 Summon Ice Beast         Ice/Summ       16%        N/A       30%         4
 Summon Cactus Giant      Summ           8%         N/A       99%         6
 Storm Form               Tmut/Air       12%        N/A       100%        7
 Discord                  Hex            8%         N/A       100%        8


Dungeon Overview and Level Annotations

Branches:
Dungeon (15/15)            Temple (1/1) D:4            Lair (5/5) D:9
 Shoals (0/4) Lair:3        Snake (3/4) Lair:3        Slime (0/5) Lair:4
    Orc (2/2) D:11            Elf (0/3) Orc:2        Vaults (0/5) D:14
 Depths (0/4) D:15         Bailey (visited)

Altars:
Ashenzari
Cheibriados
Dithmenos
Elyvilon
Kikubaaqudgha
Makhleb
Nemelex Xobeh
Qazlal
Ru
Sif Muna
Trog
Uskayaw
Vehumet
Xom
Yredelemnul
Zin
The Shining One
Jiyva

Shops:
D:2 [   D:9 ?   D:10 (:[?[   Orc:1 =?   Orc:2 ([*=:

Annotations:
D:6 1 runed translucent door, xzight's ghost, novice DEFE
Snake:3 Kirke


Innate Abilities, Weirdness & Mutations

You can breathe blasts of noxious fumes.
Your lurid green scales are hard. (AC +9)
You cannot fit into any form of body armour.
Your tail ends in a venomous barb.
Your system is resistant to poisons. (rPois)
You are cold-blooded and may be slowed by cold attacks.


Message History

The salamander looks as sick as possible!
The naga ritualist invokes the aid of its god against you.
You resist with almost no effort.
A mana viper comes into view.
Unknown command.
Unknown command.
Casting: Ignite Poison (safe; 1% risk of failure)
Confirm with . or Enter, or press ? or * to list all spells.
You ignite the poison in your surroundings!
Your noxious spew wanes.
The salamander tyrant rends the earth beneath you!
The blast of magma engulfs you!!!
Unknown command.
Casting: Ignite Poison (safe; 1% risk of failure)
Confirm with . or Enter, or press ? or * to list all spells.
You erupt in a blast of force!
The mystic blast hits the salamander!
The salamander is moderately wounded.
The salamander is knocked back by the mystic blast.
The mystic blast hits the salamander!
The salamander is heavily wounded.
The salamander is knocked back by the mystic blast.
The salamander tyrant calls gouts of flame from the lava!
The flame surge hits you!!
Unknown command.
Casting: Iskenderun's Mystic Blast (safe; 1% risk of failure)
Confirm with . or Enter, or press ? or * to list all spells.
Aiming: Fireball (safe; 1% risk of failure)
Press: ? - help, Shift-Dir - straight line The fireball explodes!
The fireball engulfs the naga ritualist!!
The naga ritualist is heavily wounded.
The mana viper is engulfed in blazing flames.
A salamander comes into view. It is wielding a +0 trident.
The salamander tyrant rends the earth beneath you!
The blast of magma engulfs you!!!
* * * LOW HITPOINT WARNING * * *
The mana viper is engulfed in a cloud of scalding steam.
The salamander tyrant calls gouts of flame from the lava!
The flame surge hits you!!
You die...

.#.##.##
#...#..
#.....# #
#.....
#.##.?°.
(....#
#..≈# #@#
#..†..#
.....SN.#
....N†N##
...°†°.
......#
..N.N.
.#....


You could see a salamander tyrant, 3 salamanders, a naga ritualist and a mana
viper.

Vanquished Creatures
  Jorgrun (Snake:1)
  Gastronok (Lair:2)
  An orc warlord (Orc:2)
  Nessos (Lair:4)
  A dire elephant (D:15)
  Josephine (D:14)
  A fire dragon (Lair:5)
  Erolcha (D:9)
  A death knight (D:13)
  4 boulder beetles
  A salamander tyrant (Snake:3)
  5 hydras
  6 anacondas
  7 centaur warriors
  A catoblepas (Lair:5)
  6 death yaks (Lair:5)
  6 two-headed ogres
  The ghost of sirJeffrey23 the Spear-Bearer, a novice DsFi of Makhleb (D:10)
  8 naga warriors
  Urug (D:11)
  3 tengu warriors
  A naga sharpshooter (Snake:2)
  5 shock serpents
  Nergalle (Lair:2)
  3 orc high priests (Orc:2)
  Sonja (D:10)
  The ghost of Shayle the Covert, a novice TeBr of Wu Jian (D:9)
  Amaemon (D:11)
  A salamander mystic (Snake:1)
  A death drake (shapeshifter) (D:13)
  A phantasmal warrior (D:13)
  A wizard (D:14)
  A swamp dragon (Lair:5)
  2 naga ritualists
  6 orc knights
  2 mana vipers
  A necromancer (D:14)
  6 orc sorcerers (Orc:2)
  5 deep elf pyromancers
  6 manticores
  4 salamanders
  A wolf spider (D:15)
  15 ugly things
  4 cyclopes
  23 elephants
  22 black mambas
  A guardian serpent (Snake:2)
  Maurice (Orc:1)
  2 centaur zombies (D:9)
  A torpor snail (Lair:5)
  8 naga magi
  5 cane toads
  An orange demon (D:11)
  A gargoyle (D:12)
  An unseen horror (D:8)
  Maggie (D:7)
  A rime drake (Lair:5)
  2 kobold demonologists (D:11)
  A yaktaur (D:15)
  2 freezing wraiths (D:13)
  An efreet (D:14)
  10 komodo dragons
  3 meliai (D:15)
  A burning bush (Lair:4)
  9 trolls
  10 polar bears
  6 blink frogs
  7 slime creatures
  A hornet (D:10)
  5 dream sheep (Lair:3)
  8 raiju (Lair:5)
  2 centaur simulacra (D:9)
  2 shadows
  A meliai zombie (D:9)
  A vampire (D:9)
  6 wyverns
  37 yaks
  7 wraiths
  Grum (D:11)
  7 basilisks
  6 steam dragons
  6 vampire mosquitoes
  4 acid dragons
  Edmund (D:6)
  15 water moccasins
  18 nagas
  11 wargs
  9 hell hounds (Lair:5)
  A swamp drake (Lair:5)
  2 ice beasts
  14 black bears
  A hornet zombie (D:6)
  35 orc warriors
  2 sky beasts
  35 wolves
  7 ogres
  16 centaurs
  6 kobold brigands
  14 bullfrogs
  5 scorpions
  A gnoll sergeant (D:11)
  4 killer bees (D:10)
  3 howler monkeys (D:14)
  2 electric eels (Lair:1)
  2 hounds (D:4)
  19 orc priests
  A jelly (D:6)
  2 gnoll boudas
  5 iguanas
  20 orc wizards
  Natasha (thrice) (D:2)
  A yak simulacrum (D:14)
  2 polar bear simulacra (D:14)
  3 wolf simulacra (D:14)
  A killer bee zombie (D:6)
  Robin (D:4)
  17 gnolls
  8 adders
  A shadow imp (D:6)
  2 white imps
  3 worms (D:2)
  2 dart slugs (D:1)
  80 orcs
  2 bats
  6 endoplasms
  4 giant cockroaches
  25 goblins
  11 hobgoblins
  3 jackals (D:4)
  30 kobolds
  5 quokkas
  4 ball pythons
  2 frilled lizards (D:1)
  20 rats (D:3)
  5 river rat simulacra (D:14)
  A bush (Lair:4)
835 creatures vanquished.

Vanquished Creatures (collateral kills)
  A foxfire (Lair:3)
1 creature vanquished.

Vanquished Creatures (others)
  A steam dragon (Lair:5)
  748 foxfires
  53 fungi
  91 plants
893 creatures vanquished.

Grand Total: 1729 creatures vanquished

Notes
Turn   | Place    | Note
-------+----------+-------------------------------------------
     0 | D:1      | experimilk the Draconian Conjurer began the quest for the
                  | Orb.
     0 | D:1      | Reached XP level 1. HP: 14/14 MP: 3/3
   154 | D:1      | Reached XP level 2. HP: 20/20 MP: 0/5
   157 | D:1      | Learned a level 2 spell: Searing Ray
   315 | D:1      | Found a faded altar of an unknown god.
   749 | D:1      | Reached XP level 3. HP: 26/26 MP: 3/6
  1295 | D:2      | Reached skill level 5 in Conjurations
  1628 | D:2      | Noticed Natasha
  1631 | D:2      | Killed Natasha
  1632 | D:2      | Reached XP level 4. HP: 33/33 MP: 3/8
  1910 | D:2      | Noticed Natasha
  1914 | D:2      | Killed Natasha
  2013 | D:2      | Reached XP level 5. HP: 38/38 MP: 1/9
  2088 | D:2      | Found Plog's Antique Armour Boutique.
  2253 | D:2      | Noticed Natasha
  2256 | D:2      | Killed Natasha
  2257 | D:2      | Reached skill level 6 in Conjurations
  2767 | D:3      | Identified the ring "Qutask" {rElec Will+ Slay+3 Stlth+}
  3252 | D:4      | Noticed a black bear
  3369 | D:3      | Killed a black bear
  3370 | D:3      | Reached skill level 7 in Conjurations
  3370 | D:3      | Reached XP level 6. HP: 37/45 MP: 3/10
  4138 | D:4      | Reached skill level 8 in Conjurations
  4138 | D:4      | Your scales start taking on a lurid green colour.
  4138 | D:4      | Reached XP level 7. HP: 50/50 MP: 5/11
  4138 | D:4      | Gained mutation: Your system is resistant to poisons.
                  | (rPois) [Green Draconian growth]
  4203 | D:4      | Found a staircase to the Ecumenical Temple.
  4209 | Temple   | Entered the Ecumenical Temple
  4324 | Temple   | Became a worshipper of Vehumet
  4352 | D:4      | Learned a level 1 spell: Foxfire
  4357 | D:4      | Learned a level 4 spell: Iskenderun's Mystic Blast
  4612 | D:4      | Noticed Robin
  4622 | D:4      | Killed Robin
  4814 | D:5      | Entered Level 5 of the Dungeon
  4915 | D:5      | Reached skill level 1 in Fire Magic
  5182 | D:5      | Reached * piety under Vehumet
  5182 | D:5      | Offered knowledge of Kiss of Death by Vehumet.
  5239 | D:5      | Found Oseunean's Distillery.
  5244 | D:5      | Bought 2 potions of curing for 72 gold pieces
  5244 | D:5      | Bought a potion of degeneration for 12 gold pieces
  5244 | D:5      | Bought a potion of lignification for 36 gold pieces
  5244 | D:5      | Bought a potion of heal wounds for 60 gold pieces
  5244 | D:5      | Bought a potion of invisibility for 96 gold pieces
  5833 | D:6      | Reached skill level 9 in Conjurations
  5839 | D:6      | Reached XP level 8. HP: 57/57 MP: 8/14
  5995 | D:6      | Found a runed translucent door.
  5995 | D:6      | Found a shimmering altar of Xom.
  5995 | D:6      | Noticed a +1 hand axe of chaos
  5995 | D:6      | Noticed xzight's ghost (novice DEFE)
  6085 | D:6      | Reached skill level 5 in Spellcasting
  6447 | D:6      | Noticed Edmund
  6452 | D:6      | Killed Edmund
  6685 | D:6      | Reached skill level 10 in Conjurations
  6826 | D:6      | Found a basalt altar of Yredelemnul.
  6887 | D:6      | Learned a level 5 spell: Fireball
  6951 | D:7      | Reached XP level 9. HP: 62/62 MP: 14/16
  7066 | D:7      | Noticed Maggie
  7077 | D:7      | Killed Maggie
  7078 | D:7      | Reached skill level 5 in Fire Magic
  7128 | D:7      | Found a flagged portal.
  7142 | Bailey   | Entered a bailey
  7368 | Bailey   | Reached ** piety under Vehumet
  7368 | Bailey   | Offered knowledge of Static Discharge by Vehumet.
  7470 | Bailey   | Noticed an orc knight
  7486 | Bailey   | Reached skill level 11 in Conjurations
  7530 | Bailey   | Killed an orc knight
  7754 | Bailey   | Identified the +8 spear of Yzyes {holy, rN+ Will+}
  7969 | D:5      | Bought a potion of resistance for 120 gold pieces
  7969 | D:5      | Bought a potion of cancellation for 96 gold pieces
  8126 | D:7      | Learned a level 6 spell: Starburst
  8603 | D:7      | Reached XP level 10. HP: 67/69 MP: 16/20
  9180 | D:8      | Offered knowledge of Inner Flame by Vehumet.
  9219 | D:8      | Learned a level 3 spell: Inner Flame
  9336 | D:8      | Reached skill level 12 in Conjurations
  9404 | D:8      | Reached *** piety under Vehumet
 10552 | D:9      | Offered knowledge of Hailstorm by Vehumet.
 10781 | D:9      | Found Nog Hore's Magic Scroll Shop.
 10787 | D:9      | Bought a scroll of identify for 28 gold pieces
 10787 | D:9      | Bought a scroll of magic mapping for 105 gold pieces
 10787 | D:9      | Bought a scroll of fear for 56 gold pieces
 10787 | D:9      | Bought a scroll of identify for 28 gold pieces
 10963 | D:9      | Noticed a two-headed ogre
 10971 | D:9      | Killed a two-headed ogre
 10972 | D:9      | Reached skill level 13 in Conjurations
 10981 | D:9      | Noticed Erolcha
 11662 | D:9      | Killed Erolcha
 11663 | D:9      | Reached XP level 11. HP: 74/74 MP: 10/21
 11727 | D:9      | Found a staircase to the Lair.
 11752 | D:9      | Found a runed translucent gate.
 11753 | D:9      | Found a runed translucent gate.
 11910 | D:9      | Found a runed translucent gate.
 11911 | D:9      | Noticed Shayle's ghost (novice TeBr)
 12381 | D:10     | Entered Level 10 of the Dungeon
 12384 | D:10     | Reached **** piety under Vehumet
 12435 | D:10     | Found a runed translucent door.
 12445 | D:10     | Found Doqeko's Antique Armour Shoppe.
 12448 | D:10     | Found Awoykab's Antique Weapon Boutique.
 12467 | D:10     | Found Caskeiga's Book Boutique.
 12578 | D:10     | Offered knowledge of Olgreb's Toxic Radiance by Vehumet.
 12590 | D:10     | Noticed Sonja
 12592 | D:10     | Found Castasux's Magic Scroll Shoppe.
 12594 | D:10     | Killed Sonja
 12623 | D:10     | Learned a level 4 spell: Olgreb's Toxic Radiance
 12641 | D:10     | Bought a scroll of identify for 32 gold pieces
 12712 | D:10     | Noticed sirJeffrey23's ghost (novice DsFi)
 12788 | D:10     | Found Ripsaul's Antique Armour Boutique.
 12877 | Lair:1   | Entered Level 1 of the Lair of Beasts
 12918 | Lair:1   | Noticed a boulder beetle
 13120 | Lair:1   | Killed a boulder beetle
 13933 | Lair:1   | Reached skill level 14 in Conjurations
 14304 | Lair:1   | Reached skill level 10 in Fire Magic
 15351 | Lair:2   | Noticed Nergalle
 15355 | Lair:2   | Killed Nergalle
 15357 | Lair:2   | Noticed Gastronok
 15741 | Lair:2   | Killed Gastronok
 15742 | Lair:2   | Reached XP level 12. HP: 32/81 MP: 16/24
 16468 | Lair:2   | Reached skill level 15 in Conjurations
 16746 | Lair:2   | Reached skill level 1 in Poison Magic
 17291 | Lair:3   | Reached ***** piety under Vehumet
 17291 | Lair:3   | Offered knowledge of Spellforged Servitor by Vehumet.
 18247 | Lair:3   | Found a staircase to the Snake Pit.
 18350 | Lair:3   | Found a staircase to the Shoals.
 18920 | Lair:4   | Noticed Nessos
 19166 | Lair:4   | Reached XP level 13. HP: 86/86 MP: 8/26
 19415 | Lair:4   | Killed Nessos
 19422 | Lair:4   | Reached skill level 16 in Conjurations
 19474 | Lair:4   | Found a viscous altar of Jiyva.
 19479 | Lair:4   | Found a staircase to the Slime Pits.
 19854 | Lair:5   | Entered Level 5 of the Lair of Beasts
 20051 | Lair:5   | Reached skill level 5 in Poison Magic
 20354 | Lair:5   | Reached skill level 17 in Conjurations
 20882 | Lair:5   | Offered knowledge of Flame Wave by Vehumet.
 21349 | Lair:5   | Noticed a fire dragon
 21825 | D:10     | Bought a book of Scorching for 420 gold pieces
 21828 | D:10     | Learned a level 2 spell: Scorch
 21864 | D:10     | Killed sirJeffrey23's ghost
 22152 | D:9      | Killed Shayle's ghost
 22456 | D:10     | Bought a scroll of fog for 64 gold pieces
 22471 | D:11     | Gained mutation: Your tail ends in a venomous barb. [Green
                  | Draconian growth]
 22471 | D:11     | Reached XP level 14. HP: 93/93 MP: 12/27
 22586 | D:11     | Noticed Urug
 22606 | D:11     | Killed Urug
 23220 | D:11     | Identified the +8 falchion of Welfare {spect, rElec Stlth+}
 23279 | D:11     | Noticed Grum
 23285 | D:11     | Killed Grum
 23292 | D:11     | Reached skill level 18 in Conjurations
 23292 | D:11     | Noticed Amaemon
 23303 | D:11     | Killed Amaemon
 23626 | D:11     | Found a staircase to the Orcish Mines.
 23637 | Orc:1    | Entered Level 1 of the Orcish Mines
 23694 | Orc:1    | Found Cutasaak's Jewellery Emporium.
 23735 | Orc:1    | Noticed Maurice
 23738 | Orc:1    | Killed Maurice
 24006 | Orc:1    | Found Aklaowoe's Magic Scroll Shoppe.
 24160 | Orc:2    | Entered Level 2 of the Orcish Mines
 24558 | Orc:2    | Noticed an orc warlord
 24736 | Orc:2    | Offered knowledge of Orb of Destruction by Vehumet.
 24752 | Orc:2    | Killed an orc warlord
 25292 | Orc:2    | Learned a level 7 spell: Orb of Destruction
 25611 | Orc:2    | Found Bourufudgh's Antique Armour Emporium.
 25620 | Orc:2    | Found a staircase to the Elven Halls.
 25707 | Orc:2    | Found Apnadimo's Jewellery Shop.
 25730 | Orc:1    | Reached skill level 1 in Evocations
 26015 | Orc:2    | Found Gejiabil's Book Shoppe.
 26330 | Orc:2    | Bought an Everburning Encyclopedia for 504 gold pieces
 26542 | Orc:2    | Found Kewn's General Store.
 26650 | Orc:2    | Found Leippux's Antique Weapon Boutique.
 27200 | Lair:5   | Reached skill level 10 in Spellcasting
 27557 | Lair:5   | Offered knowledge of Iskenderun's Battlesphere by Vehumet.
 27563 | Lair:5   | Reached skill level 19 in Conjurations
 28151 | Lair:5   | Reached XP level 15. HP: 87/99 MP: 9/29
 28953 | D:12     | Found a stormy altar of Qazlal.
 29269 | D:12     | Reached skill level 15 in Fire Magic
 29454 | D:12     | Learned a level 5 spell: Iskenderun's Battlesphere
 30458 | D:13     | Noticed a tengu reaver
 31109 | D:13     | You fall into a shaft and drop 2 floors!
 31109 | D:15     | Entered Level 15 of the Dungeon
 31441 | D:14     | Offered knowledge of Freezing Cloud by Vehumet.
 31926 | D:14     | Found a gate to the Vaults.
 32731 | D:14     | Noticed Josephine
 32734 | D:14     | Killed Josephine
 34144 | D:15     | Found a staircase to the Depths.
 34513 | D:15     | Reached skill level 5 in Evocations
 35294 | Snake:1  | Entered Level 1 of the Snake Pit
 35851 | Snake:1  | Reached XP level 16. HP: 105/105 MP: 24/31
 35973 | Snake:1  | Offered knowledge of Eringya's Noxious Bog by Vehumet.
 35982 | Snake:1  | Learned a level 6 spell: Eringya's Noxious Bog
 36140 | Snake:1  | Noticed Jorgrun
 36150 | Snake:1  | Killed Jorgrun
 36305 | Snake:1  | Reached skill level 20 in Conjurations
 36836 | Snake:1  | Reached skill level 1 in Transmutations
 37810 | Snake:2  | Reached skill level 10 in Poison Magic
 38477 | Snake:3  | Noticed Kirke
 38735 | Snake:2  | Learned a level 3 spell: Ignite Poison
 38747 | Snake:3  | Killed from afar by a salamander tyrant

Illustrated notes

Levels and vault maps discovered:
D:1:      dpeg_arrival_signposts, layout_rooms,
          hellmonk_ecumenical_altar_blasted
D:2:      layout_loops_cross, serial_shops, shop_statue, minmay_pentomino_r4,
          uniq_natasha
D:3:      layout_basic, minmay_rat_hole
D:4:      kennysheep_goblin_castle, layout_rooms, minmay_temple_entry_crystal_x,
          grunt_decor_junction
D:5:      layout_basic, serial_shops, kennysheep_little_box
D:6:      layout_basic, lemuel_zombie_altar_yredelemnul, ebering_ghost_xom,
          uniq_edmund
D:7:      layout_basic, enter_bailey_2, serial_park_tiny_1, uniq_maggie
D:8:      layout_basic, grunt_decor_resistance, minivault_25,
          minmay_chambers_of_fives
D:9:      layout_roguey, dpeg_oklobed_lair, gammafunk_ghost_necromancy,
          serial_shops, shop, evilmike_butchery, uniq_erolcha
D:10:     layout_rooms, ebering_ghost_reflecting_pool, serial_shops,
          nicolae_square_shop, shop, nicolae_shop_hallway_plus,
          nicolae_shop_hallway_stairs, shop, uniq_sonja
D:11:     minmay_wavy_crystal, layout_rooms, orc_0_dummy,
          minmay_misc_feat_plants, uniq_urug, uniq_amaemon, uniq_grum
D:12:     layout_basic, grunt_qazlal_clouds
D:13:     layout_loops_ring, kennysheep_four_rooms
D:14:     layout_basic, david_vaults_1, grunt_decor_clamped,
          eino_house_with_fridge, uniq_josephine
D:15:     hangedman_depths_entry_try_elsewhere_first, layout_grid_maze,
          chequers_serial_rivers_large_b
Temple:   mainiacjoe_temple_hex_bubbles
Lair:1:   layout_cellular_growth, nicolae_quartered_pool_medium,
          grunt_megastairs_3, serial_bayou_shore_b, infiniplex_staircase_pool,
          serial_bayou_shore_a
Lair:2:   layout_gridlike, uniq_nergalle, uniq_gastronok
Lair:3:   layout_long_grid, shoals_dummy_entry, guppyfry_snake_entry_garden,
          beast_lair_carwin_1, infiniplex_staircase_pool_2
Lair:4:   layout_concentric_octagons, dpeg_slime_entry_corner, evilmike_ambush
          [evilmike_ambush_outer_pillars, evilmike_ambush_inner_basic],
          grunt_megastairs_4, uniq_nessos
Lair:5:   guppyfry_lair_end_dragon, layout_cellular_growth,
          hangedman_lair_caniforms_friends
Snake:1:  layout_basic, uniq_jorgrun
Snake:2:  layout_misc_corridors
Snake:3:  layout_misc_corridors, serial_bayou_shore_b, minmay_shop_star,
          uniq_aizul, uniq_kirke
Orc:1:    layout_diamond_mine, serial_shops, shop, nicolae_shop_hallway_stairs,
          uniq_maurice
Orc:2:    grunt_orc_gardens, layout_caves, grunt_orc_garden, grunt_orc_garden,
          grunt_orc_garden, grunt_orc_garden, statue_in_the_mist_lemuel,
          guppyfry_orc_lava_fort

Skill      XL: |  1  2  3  4  5  6  7  8  9 10 11 12 13 14 15 16 |
---------------+-------------------------------------------------+-----
Conjurations   | 5 7 8 9 10 11 13 14 15 17 19 20 | 20.0
Spellcasting   | 3 4 5 7 8 9 10 11 | 11.3
Fire Magic     | 2 4 7 9 10 12 13 14 16 | 16.4
Poison Magic   | 4 6 7 11 | 11.0
Evocations     | 2 5 |  5.0
Dodging        | 3 |  3.0
Transmutations | 3 |  3.0
Stealth        | |  1.7

Action                   |  1- 3 |  4- 6 |  7- 9 | 10-12 | 13-15 | 16-18 || total
-------------------------+-------+-------+-------+-------+-------+-------++-------
Melee: Dagger            |    39 |     8 |     2 |       |       |       ||    49
       Tailslap          |     4 |     3 |     1 |    11 |    21 |       ||    40
       Short sword       |     6 |    12 |       |       |       |       ||    18
       Falchion          |       |       |    25 |       |       |       ||    25
       Punch             |       |       |     1 |       |     3 |       ||     4
       Spear             |       |       |     2 |    84 |   129 |     9 ||   224
 Cast: Magic Dart        |    53 |    78 |     3 |       |       |       ||   134
       Searing Ray       |     8 |    24 |    48 |    10 |       |       ||    90
       Foxfire           |       |       |   125 |   110 |   178 |    36 ||   449
       Fireball          |       |       |     3 |   109 |   165 |    40 ||   317
       Iskenderun's Myst |       |       |     2 |    20 |    14 |    14 ||    50
       Inner Flame       |       |       |       |     8 |       |       ||     8
       Starburst         |       |       |       |    55 |   153 |    19 ||   227
       Olgreb's Toxic Ra |       |       |       |     6 |    41 |       ||    47
       Scorch            |       |       |       |       |   119 |    11 ||   130
       Orb of Destructio |       |       |       |       |    18 |     6 ||    24
       Iskenderun's Batt |       |       |       |       |    27 |    15 ||    42
       Eringya's Noxious |       |       |       |       |       |    10 ||    10
       Ignite Poison     |       |       |       |       |       |     3 ||     3
 Abil: Breathe Noxious F |       |       |    10 |    19 |    15 |     6 ||    50
Evoke: Wand              |       |       |     1 |     3 |     3 |     1 ||     8
       Box of beasts     |       |       |       |       |     2 |       ||     2
  Use: Scroll            |     3 |     4 |     1 |    12 |    15 |     2 ||    37
       Potion            |       |     2 |     3 |     3 |     6 |       ||    14
Armor: Skin              |    14 |    25 |    31 |    77 |   172 |    16 ||   335
Dodge: Dodged            |    36 |    32 |    49 |    81 |   188 |    21 ||   407

Table legend: (Time is in decaauts)
 A = Elapsed time spent in this place.
 B = Non-inter-level travel time spent in this place.
 C = Inter-level travel time spent in this place.
 D = Time resting spent in this place.
 E = Time spent auto-exploring this place.
 F = Levels seen in this place.
 G = Mean time per level.
                   A        B        C        D        E       F      G
               +--------+--------+--------+--------+--------+-----+--------+
         Total |  38922 |  36730 |   2192 |  15095 |  16476 |  27 | 1441.6 |
       Dungeon |  20976 |  19538 |   1438 |   5911 |  11272 |  15 | 1398.4 |
        Temple |    139 |    116 |     23 |      0 |    111 |   1 |  139.0 |
          Lair |  10373 |   9944 |    429 |   5311 |   3013 |   5 | 2074.6 |
     Snake Pit |   3456 |   3319 |    137 |   1735 |   1182 |   3 | 1152.0 |
  Orcish Mines |   3244 |   3080 |    164 |   1831 |    813 |   2 | 1622.0 |
        Bailey |    732 |    732 |      0 |    307 |     85 |   1 |  732.0 |
               +--------+--------+--------+--------+--------+-----+--------+

Top non-repeatable levels by time:
  Lair:5: 3320 daAuts
  Lair:1: 2798 daAuts
    D:14: 2423 daAuts
     D:8: 2321 daAuts
     D:9: 2252 daAuts
 Snake:1: 2213 daAuts
   Orc:1: 1829 daAuts
  Lair:3: 1481 daAuts
   Orc:2: 1415 daAuts
     D:2: 1413 daAuts
  Lair:2: 1390 daAuts
    D:13: 1384 daAuts
  Lair:4: 1381 daAuts
    D:15: 1352 daAuts
    D:11: 1258 daAuts
